 Dungeon Crawl Stone Soup version 0.24.0-125-gc4c63601f3 (webtiles) character file.

Game seed: 1277505356799146324, levelgen mode: deterministic

8525 Frank2 the Basher (level 11, -17/84 HPs)
             Began as a Demonspawn Gladiator on Feb 20, 2020.
             Was a Follower of Ru.
             Demolished by a stone giant (39 damage)
             ... on level 9 of the Dungeon.
             The game lasted 00:20:42 (10225 turns).

Frank2 the Basher (Demonspawn Gladiator)           Turns: 10225, Time: 00:20:43

Health: -17/84     AC: 13    Str: 15    XL:     11   Next: 11%
Magic:  16/16      EV: 15    Int: 10    God:    Ru [*.....]
Gold:   297        SH:  0    Dex: 17    Spells: 10/10 levels left

rFire    . . .     SeeInvis .   a - +3 flail
rCold    . . .     Gourm    .   (no shield)
rNeg     . . .     Faith    .   w - +3 ring mail
rPois    +         Spirit   .   (helmet restricted)
rElec    .         Reflect  .   o - +0 cloak
rCorr    .         Harm     .   (no gloves)
MR       .....                  (no boots)
Stlth    ++++......             (no amulet)
HPRegen  0.24/turn              (no ring)
MPRegen  0.15/turn              r - +2 ring of evasion

@: no status effects
A: horns 2, molten scales 2, nightstalker 3, sense surroundings 1, poison
resistance, no earth magic, no summoning magic, no transmutations magic
a: Renounce Religion


You were on level 9 of the Dungeon.
You worshipped Ru.
Ru was aware of your devotion.
You were hungry.

You visited 3 branches of the dungeon, and saw 12 of its levels.

You collected 491 gold pieces.
You spent 194 gold pieces at shops.

Inventory:

Hand Weapons
 a - a +3 flail (weapon)
Armour
 k - a +1 plate armour
 o - a +0 cloak (worn)
 w - a +3 ring mail (worn)
 y - the +7 chain mail "Cimefiv" {+Fly Regen+ Slay+3, unknown}
   (You found it on level 8 of the Dungeon)

   It affects your accuracy and damage with ranged weapons and melee attacks
   (+3).
   It lets you fly.
   It increases your rate of regeneration.
Jewellery
 b - an uncursed ring of fire
 r - a +2 ring of evasion (right hand)
Wands
 c - a wand of scattershot (4)
 m - a wand of digging (6)
 p - a wand of enslavement (8)
 s - a wand of iceblast (6)
 t - a wand of polymorph (20)
 A - a wand of acid (9)
 B - a wand of disintegration (24)
Scrolls
 d - 3 scrolls of magic mapping
 h - 2 scrolls of remove curse
 q - 3 scrolls of identify
 u - a scroll of enchant weapon
 v - 2 scrolls of enchant armour
 z - 2 scrolls of teleportation
 D - a scroll of fog
Potions
 e - 2 potions of agility
 g - 3 potions of might
 i - a potion of heal wounds
 j - 2 potions of curing
 l - 3 potions of resistance
 n - a potion of degeneration {unknown}
 x - a potion of berserk rage {unknown}
 C - a potion of invisibility {unknown}
 G - 3 potions of brilliance
 H - a potion of flight {unknown}
Miscellaneous
 E - a lamp of fire (inert)
Comestibles
 f - 24 rations


   Skills:
 + Level 7.6 Fighting
 + Level 10.3 Maces & Flails
 - Level 1.7 Throwing
 + Level 7.0 Armour
 + Level 4.8 Dodging
 * Level 6.9 Evocations


You had 10 spell levels left.
You didn't know any spells.
Your spell library contained the following spells:

 Spells                   Type           Power        Failure   Level  Hunger
 Sandblast                Erth           Unusable     N/A         1    N/A
 Passwall                 Tmut/Erth      Unusable     N/A         2    N/A
 Stone Arrow              Conj/Erth      Unusable     N/A         3    N/A
 Petrify                  Tmut/Erth      Unusable     N/A         4    N/A
 Lee's Rapid Deconstruct  Erth           Unusable     N/A         5    N/A

Dungeon Overview and Level Annotations

Branches:
Dungeon (10/15)            Temple (1/1) D:7            Lair (0/6) D:9
    Orc (1/2) D:9

Altars:
Ashenzari
Cheibriados
Dithmenos
Elyvilon
Fedhas
Gozag
Hepliaklqana
Kikubaaqudgha
Makhleb
Nemelex Xobeh
Okawaru
Qazlal
Ru
Sif Muna
Trog
Uskayaw
Vehumet
Wu Jian
Xom
Yredelemnul
Zin
The Shining One

Shops:
D:7 [[   D:8 :=?*=   D:9 (

Annotations:
D:8 kikerikii's ghost, novice MiBe


Innate Abilities, Weirdness & Mutations

You have a pair of horns on your head.
You are mostly covered in molten scales. (AC +3)
You are completely attuned to the shadows.
You cannot study or cast Earth magic.
You cannot study or cast Summoning magic.
You cannot study or cast Transmutations magic.
You passively map a small area around you.
Your system is resistant to poisons. (rPois)


Message History

Press: ? - help, Shift-Dir - straight line, f - stone giant
Aim: a stone giant The burst of metal fragments hits the stone giant but does no damage. x9
The stone giant barely misses you.
Okay, then.
Okay, then.
As you read the scroll of fear, it crumbles to dust.
You assume a fearsome visage.
The stone giant resists with almost no effort.
You are feeling hungry.
The stone giant barely misses you.
Evoke which item? (* to show all) (? for menu, Esc to quit)
Aiming: Corrosive Bolt
Press: ? - help, Shift-Dir - straight line, f/p - stone giant
Aim: a stone giant The bolt of acid hits the stone giant!
The stone giant is splashed with acid!
The acid corrodes the stone giant!
The stone giant is moderately wounded.
The stone giant hits you!!!
You die...

#.........>.###.............#####
#...........###...............)..
#..........................######
#..........................#
###'########.........###'###
#.##### #รท............# #..^..#
#..........####
######.####.....C...##
##..............@....###
........(..............#
##............[........#
#...................<.#
#.....................#
#..........)..........#
#...................###
###############.###...#
#..#####'####


You could see a stone giant.

Vanquished Creatures
  A centaur warrior (D:9)
  2 two-headed ogres
  A cyclops (Orc:1)
  Grinder (D:3)
  2 hornets (D:8)
  7 yaks
  Menkaure (D:6)
  A soldier ant (D:8)
  A warg (Orc:1)
  A water moccasin (D:7)
  An acid dragon (D:8)
  An orc warrior (D:8)
  An ice beast (D:9)
  A black bear (D:6)
  5 sky beasts
  A phantom (D:10)
  5 centaurs
  6 ogres
  2 crocodiles (D:7)
  A bullfrog (D:9)
  3 scorpions
  3 killer bees (D:9)
  3 wights (D:7)
  2 vampire bats (D:6)
  An electric eel (D:9)
  A crimson imp (D:10)
  3 bullfrog zombies
  2 centaur zombies
  2 bullfrog skeletons
  4 hounds
  A jelly (D:10)
  6 orc priests
  2 centaur skeletons
  7 orc wizards
  3 iguanas
  5 worker ants
  A gnoll (D:7)
  8 adders
  2 shadow imps
  2 adder zombies
  3 worms
  4 dart slugs
  7 leopard geckos
  38 orcs
  2 ball pythons
  A bat skeleton (D:6)
  6 bat zombies (D:6)
  6 giant cockroaches
  12 hobgoblins
  8 jackals
  15 kobolds
  7 quokkas
  12 bats
  4 frilled lizards
  17 goblins
  A quokka zombie (D:5)
  2 rats (D:1)
  13 plants (D:9)
261 creatures vanquished.

Notes
Turn   | Place    | Note
-------+----------+-------------------------------------------
     0 | D:1      | Frank2 the Demonspawn Gladiator began the quest for the
                  | Orb.
     0 | D:1      | Reached XP level 1. HP: 16/16 MP: 1/1
   383 | D:1      | Gained mutation: You have a pair of small horns on your
                  | head. [demonic ancestry]
   383 | D:1      | Reached XP level 2. HP: 18/22 MP: 2/2
   388 | D:1      | Reached skill level 3 in Maces & Flails
   484 | D:1      | Gained mutation: You are slightly more attuned to the
                  | shadows. [demonic ancestry]
   484 | D:1      | Reached XP level 3. HP: 18/27 MP: 3/3
  1406 | D:2      | Found a snail-covered altar of Cheibriados.
  1411 | D:2      | Reached skill level 1 in Armour
  1498 | D:2      | Found a sparkling altar of Nemelex Xobeh.
  1686 | D:3      | Gained mutation: You are partially covered in molten
                  | scales. (AC +2) [demonic ancestry]
  1686 | D:3      | Reached XP level 4. HP: 30/34 MP: 4/4
  2102 | D:3      | Noticed Grinder
  2102 | D:3      | Paralysed by Grinder for 7 turns
  2109 | D:3      | Gained mutation: You passively map a small area around you.
                  | [potion of mutation]
  2109 | D:3      | Gained mutation: Your system is resistant to poisons.
                  | (rPois) [potion of mutation]
  2139 | D:3      | Killed Grinder
  2139 | D:3      | Reached skill level 4 in Maces & Flails
  2139 | D:3      | Gained mutation: You are significantly more attuned to the
                  | shadows. [demonic ancestry]
  2139 | D:3      | Reached XP level 5. HP: 20/41 MP: 5/5
  2139 | D:3      | Gained mutation: You are mostly covered in molten scales.
                  | (AC +3) [demonic ancestry]
  2139 | D:3      | Reached XP level 6. HP: 23/47 MP: 6/6
  2950 | D:4      | Reached skill level 5 in Maces & Flails
  3282 | D:4      | Gained mutation: You are completely attuned to the shadows.
                  | [demonic ancestry]
  3282 | D:4      | Reached XP level 7. HP: 39/52 MP: 7/7
  3343 | D:4      | Found a burning altar of Makhleb.
  3361 | D:4      | Noticed an Executioner
  3362 | D:4      | Noticed a smoke demon
  3362 | D:4      | Noticed an orange demon
  3494 | D:5      | Entered Level 5 of the Dungeon
  3627 | D:5      | Found an iron altar of Okawaru.
  3635 | D:5      | Reached skill level 1 in Evocations
  3956 | D:5      | Reached skill level 6 in Maces & Flails
  3995 | D:5      | Found a glowing golden altar of the Shining One.
  4000 | D:5      | Found a bloodstained altar of Trog.
  4002 | D:5      | Found a shattered altar of Ashenzari.
  4002 | D:5      | Found a hide-covered altar of Uskayaw.
  4003 | D:5      | Found a shadowy altar of Dithmenos.
  4445 | D:6      | Gained mutation: You have a pair of horns on your head.
                  | [demonic ancestry]
  4445 | D:6      | Reached XP level 8. HP: 34/60 MP: 9/9
  4845 | D:6      | Found an ancient bone altar of Kikubaaqudgha.
  5285 | D:6      | Noticed Menkaure
  5292 | D:6      | Killed Menkaure
  5497 | D:7      | Reached skill level 7 in Maces & Flails
  5547 | D:7      | Found Liniecog's Armour Boutique.
  5575 | D:7      | Reached skill level 5 in Fighting
  5648 | D:7      | Reached skill level 5 in Armour
  5648 | D:7      | Reached XP level 9. HP: 33/68 MP: 11/11
  5935 | D:7      | Found Baogewn's Armour Shoppe.
  6206 | D:7      | Found a staircase to the Ecumenical Temple.
  6219 | Temple   | Entered the Ecumenical Temple
  6287 | Temple   | Became a worshipper of Ru the Awakened
  6657 | D:8      | Found Zuylu's Magic Scroll Boutique.
  6685 | D:8      | Reached skill level 8 in Maces & Flails
  6693 | D:8      | Found a runed translucent gate.
  6693 | D:8      | Found a runed translucent gate.
  6694 | D:8      | Found a runed translucent gate.
  6878 | D:8      | Found Yricaami's Jewellery Shop.
  6908 | D:8      | Noticed a two-headed ogre
  6911 | D:8      | Killed a two-headed ogre
  6932 | D:8      | Found Qeroesar's General Store.
  6964 | D:8      | Bought a scroll of enchant weapon for 97 gold pieces
  6964 | D:8      | Bought a scroll of enchant armour for 97 gold pieces
  6984 | D:8      | Reached skill level 5 in Evocations
  7099 | D:8      | Found Nibuon's Book Boutique.
  7332 | D:8      | Found Elefit's Jewellery Emporium.
  7671 | D:8      | Reached XP level 10. HP: 77/77 MP: 13/13
  7778 | D:8      | Noticed kikerikii's ghost (novice MiBe)
  7783 | D:8      | Reached skill level 9 in Maces & Flails
  7821 | D:8      | Got a spiked chain mail
  7861 | D:9      | Found a staircase to the Orcish Mines.
  7962 | D:9      | Noticed a centaur warrior
  8178 | D:9      | Found a staircase to the Lair.
  8195 | D:9      | Gained mutation: You cannot study or cast Earth magic. [Ru
                  | sacrifice]
  8195 | D:9      | Gained mutation: You cannot study or cast Transmutations
                  | magic. [Ru sacrifice]
  8195 | D:9      | Gained mutation: You cannot study or cast Summoning magic.
                  | [Ru sacrifice]
  8195 | D:9      | Reached * piety under Ru
  8318 | D:9      | Noticed a two-headed ogre
  8325 | D:9      | Killed a two-headed ogre
  8403 | D:9      | Killed a centaur warrior
  8832 | D:9      | Found Tausyck's Weapon Emporium.
  9333 | D:10     | Entered Level 10 of the Dungeon
  9847 | D:10     | Reached skill level 10 in Maces & Flails
  9881 | D:10     | Reached XP level 11. HP: 42/84 MP: 16/16
 10202 | Orc:1    | Entered Level 1 of the Orcish Mines
 10217 | Orc:1    | Noticed a stone giant
 10225 | D:9      | Demolished by a stone giant

Levels and vault maps discovered:
D:1:      lightli_arrival_farm, layout_basic
D:2:      layout_basic, kennysheep_slug_shrine, first_ration,
          hangedman_decor_points, nemelex_lonely_heart_becter
D:3:      layout_basic, uniq_grinder
D:4:      layout_rooms, st_stairs_9, makhleb_altar_promises_db
D:5:      layout_loops_ring, minitemple, okawaru_gym_becter
D:6:      layout_gridville, kennysheep_vampire_church, mrwooster_statue_mirror,
          uniq_menkaure
D:7:      corexii_shantytown, layout_basic, minmay_temple_entry_offerings,
          serial_shops, shop, shop_statue
D:8:      layout_basic, gammafunk_ghost_split, serial_shops,
          nicolae_shop_behind_doors, shop, shop, nicolae_shop_statue_plus,
          nicolae_shop_trees, hangedman_pestilent_swarm
D:9:      layout_roguey, lair_entry_dummy, david_orc_3, serial_shops,
          nicolae_shop_waterfront, chequers_serial_rivers_small_a,
          wad_woods_river_04, minmay_splitting_lines
D:10:     layout_small_grid
Temple:   eino_wide_crystal_templ
Orc:1:    giant_chief_lemuel, layout_diamond_mine, basic_altar, mines4_lemuel

Skill      XL: |  1  2  3  4  5  6  7  8  9 10 11 |
---------------+----------------------------------+-----
Maces & Flails | 3 4 5 6 7 8 10 | 10.3
Dodging        | 3 4 |  4.8
Armour         | 1 2 3 4 5 6 7 |  7.0
Fighting       | 3 4 5 6 7 |  7.6
Evocations     | 2 3 5 6 |  6.9
Throwing       | |  1.7

Action                   |  1- 3 |  4- 6 |  7- 9 | 10-12 || total
-------------------------+-------+-------+-------+-------++-------
Melee: Flail             |   126 |   161 |   329 |   341 ||   957
       Headbutt          |    21 |    35 |    76 |   110 ||   242
Throw: Throwing net      |       |     6 |     4 |       ||    10
Invok: Sacrifice Arcana  |       |       |       |     1 ||     1
Evoke: Wand              |       |       |     1 |    10 ||    11
       Lamp of fire      |       |       |       |     1 ||     1
  Use: Scroll            |     2 |     1 |    12 |     2 ||    17
       Potion            |       |     3 |     4 |     1 ||     8
 Stab: Sleeping          |     3 |       |     4 |    13 ||    20
       Distracted        |     1 |       |       |     1 ||     2
       Held in net/web   |       |     2 |     2 |       ||     4
  Eat: Chunk             |     2 |     6 |    10 |     9 ||    27
       Ration            |       |       |     1 |       ||     1
Armor: Leather armour    |    40 |       |       |       ||    40
       Plate armour      |     4 |   127 |   241 |       ||   372
       Ring mail         |       |       |    12 |    83 ||    95
Dodge: Dodged            |   112 |    52 |   136 |   176 ||   476
